 Dungeon Crawl Stone Soup version 0.21.1-1-g345015f (webtiles) character file.

39 vatarom the Insei (level 3, -2/31 HPs)
             Began as a Naga Transmuter on May 9, 2018.
             Slain by a killer bee (5 damage)
             ... on level 2 of the Dungeon.
             The game lasted 00:03:18 (2055 turns).

vatarom the Insei (Naga Transmuter)                 Turns: 2055, Time: 00:03:19

Health: -2/31      AC:  2    Str: 12    XL:     3   Next: 45%
Magic:  1/6        EV: 10    Int: 18    God:
Gold:   67         SH:  0    Dex: 12    Spells: 0/6 levels left

rFire    . . .     SeeInvis +     - Unarmed
rCold    . . .     Gourm    .   (no shield)
rNeg     . . .     Faith    .   b - +0 robe
rPois    +         Spirit   .   (no helmet)
rElec    .         Reflect  .   (no cloak)
rCorr    .         Harm     .   (no gloves)
MR       .....                  (no barding)
Stlth    ++........             (no amulet)
HPRegen  0.10/turn              (no ring)
MPRegen  0.10/turn              (no ring)

@: brilliant, very slightly contaminated, very slow
A: large, see invisible, deformed body, poison resistance, slowness 2, slow
metabolism 1, spit poison 1, AC +1
a: Spit Poison


You were on level 2 of the Dungeon.
You were hungry.

You visited 1 branch of the dungeon, and saw 2 of its levels.

You collected 67 gold pieces.

Inventory:

Missiles
 a - 27 arrows
Armour
 b - a +0 robe (worn)
 k - a +0 buckler
Scrolls
 e - a scroll of amnesia {unknown}
 f - a scroll of random uselessness {unknown}
 g - 2 scrolls of teleportation
 h - a scroll of remove curse {unknown}
 m - a scroll of enchant weapon {unknown}
 n - a scroll of magic mapping {unknown}
Potions
 i - 2 potions of brilliance
 j - a potion of magic {unknown}
Books
 c - a book of Changes

   Spells                             Type                      Level
   a - Beastly Appendage              Transmutation                1
   b - Sticks to Snakes               Transmutation                2
   c - Spider Form                    Transmutation/Poison         3
   d - Ice Form                       Ice/Transmutation            4
   e - Blade Hands                    Transmutation                5
Comestibles
 d - 4 rations


   Skills:
 - Level 1.0 Fighting
 - Level 1.5 Dodging
 + Level 1.8 Stealth
 * Level 3.6 Unarmed Combat
 - Level 2.0 Spellcasting
 * Level 2.8 Transmutations


You couldn't memorise any spells.
You knew the following spells:

 Your Spells              Type           Power        Failure   Level  Hunger
a - Beastly Appendage     Tmut           ###...       1%          1    #......
b - Sticks to Snakes      Tmut           ###.....     1%          2    ###....
c - Spider Form           Tmut/Pois      ###.......   3%          3    ###....


Dungeon Overview and Level Annotations

Branches:
Dungeon (2/15)

Altars:


Innate Abilities, Weirdness & Mutations

You cannot wear boots.
Your serpentine skin is tough. (AC +1)
You have supernaturally acute eyesight. (SInv)
Armour fits poorly on your strangely shaped body.
Your system is resistant to poisons. (rPois)
You cover ground very slowly.
You have a slow metabolism.
You can spit poison.


Message History

A killer bee comes into view.
The killer bee barely misses you. The killer bee stings you!
Casting: Beastly Appendage
Confirm with . or Enter, or press ? or * to list all spells.
You create a snake!
You now have 27 arrows.
The killer bee barely misses you. The killer bee stings you!
Casting: Sticks to Snakes
Confirm with . or Enter, or press ? or * to list all spells.
You miscast Spider Form.
You are very lightly contaminated with residual magic.
You feel a strange surge of energy! The killer bee stings you!
* * * LOW HITPOINT WARNING * * *
Your ball python completely misses the killer bee.
Your ball python closely misses the killer bee.
The killer bee barely misses you.
Unknown command.
It was a potion of brilliance.
You feel clever all of a sudden. The killer bee stings you.
You die...

##.## #รท# #.# #.# # #(# #.# ###.
#.# #.# .#.# #.# #.# #..# #.# #.#
#..# #.# #.# #######..# #.# ##.#
#..<..#..### #.# #@.#
#)###....... #.# ##y##
#.#####..### #########.#
##S..####....##.....
..........####..........y.....###
....................##....#####
###.###.####.#.....#.........#
#.# #.# #....)............# #.#
#.# ####...##.........# ###.# #.#
##.#####....####


You could see a killer bee and a friendly ball python.

Vanquished Creatures
  An adder (D:2)
  2 leopard geckos
  A ball python (D:1)
  6 bats
  3 giant cockroaches (D:1)
  4 goblins
  3 hobgoblins
  A frilled lizard (D:1)
  2 kobolds (D:1)
  4 rats
27 creatures vanquished.

Notes
Turn   | Place    | Note
-------+----------+-------------------------------------------
     0 | D:1      | vatarom the Naga Transmuter began the quest for the Orb.
     0 | D:1      | Reached XP level 1. HP: 18/18 MP: 3/3
   507 | D:1      | Reached skill level 1 in Stealth
   507 | D:1      | Reached XP level 2. HP: 23/25 MP: 5/5
   626 | D:1      | Learned a level 2 spell: Sticks to Snakes
  1667 | D:2      | Reached XP level 3. HP: 25/31 MP: 4/6
  1743 | D:2      | Noticed a killer bee
  1747 | D:2      | Noticed a killer bee
  1748 | D:2      | Noticed a killer bee
  1800 | D:2      | Learned a level 3 spell: Spider Form
  2051 | D:2      | Noticed a killer bee
  2055 | D:2      | Slain by a killer bee

Skill      XL: |  1 |
---------------+----+-----
Stealth        | 1 |  1.8
Fighting       | |  1.0
Dodging        | |  1.5
Unarmed Combat | |  3.6
Spellcasting   | |  2.0
Transmutations | |  2.8

Action                   || total
-------------------------++-------
Melee: Unarmed           ||   119
       Punch             ||     2
       Headbutt          ||     3
 Cast: Beastly Appendage ||     7
       Sticks to Snakes  ||     1
  Use: Potion            ||     2
       Scroll            ||     1
 Stab: Sleeping          ||     4
  Eat: Chunk             ||     2
Armor: Robe              ||    23
       Skin              ||     1
Dodge: Dodged            ||    81
